 Dungeon Crawl Stone Soup version 0.19-a0-1068-g99dd0f4 (webtiles) character file.

3698 zeke the Cleaver (level 9, -6/74 HPs)
             Began as a Minotaur Fighter on Aug 4, 2016.
             Was a Believer of Okawaru.
             Mangled by a death yak (11 damage)
             ... on level 8 of the Dungeon.
             The game lasted 00:15:22 (7446 turns).

zeke the Cleaver (Minotaur Fighter)                 Turns: 7446, Time: 00:15:23

Health: -6/74      AC:  8    Str: 23    XL:     9   Next: 91%
Magic:  7/7        EV: 10    Int: 10    God:    Okawaru [**....]
Gold:   448        SH: 11    Dex: 11    Spells: 0 memorised, 8 levels left

rFire  + . .     SeeInvis .     a - +0 war axe
rCold  . . .     Gourm    +     b - +0 scale mail
rNeg   . . .     Faith    .     c - +0 shield
rPois  .         Spirit   .     (helmet restricted)
rElec  .         Dismiss  .     (no cloak)
rCorr  .         Reflect  .     (no gloves)
SustAt .         Harm     .     (no boots)
MR     +....                    t - amulet of the gourmand
Stlth  ..........               s - ring of protection from magic
                                A - +5 ring of intelligence

@:
A: retaliatory headbutt, horns 2, fire resistance 1, low mp 1, shaggy fur 1,
sturdy frame 1
a: Heroism, Renounce Religion


You were on level 8 of the Dungeon.
You worshipped Okawaru.
Okawaru was pleased with you.
You were full.

You visited 2 branches of the dungeon, and saw 9 of its levels.

You collected 448 gold pieces.

Inventory:

Hand Weapons
 a - a +0 war axe (weapon)
Missiles
 r - 8 javelins (quivered)
Armour
 b - a +0 scale mail (worn)
 c - a +0 shield (worn)
Jewellery
 q - an uncursed ring of protection from fire
 s - a ring of protection from magic (right hand)
 t - an amulet of the gourmand (around neck)
 A - a +5 ring of intelligence (left hand)
Wands
 e - a wand of teleportation (5/9)
 y - a wand of lightning (11/15)
 D - a wand of teleportation (2/9)
Scrolls
 g - 3 scrolls of amnesia {unknown}
 h - a scroll of noise {unknown}
 l - 2 scrolls of random uselessness
 m - a scroll of enchant armour {unknown}
 n - a scroll of magic mapping {unknown}
 p - 6 scrolls of identify {unknown}
 u - a scroll of enchant weapon {unknown}
 v - a scroll of fear {unknown}
Potions
 j - a potion of lignification
 x - 2 potions of curing {unknown}
 z - 3 potions of brilliance
 B - a potion of heal wounds {unknown}
 E - a potion of cure mutation {unknown}
Books
 w - a book of Burglary

   Spells                             Type                      Level
   a - Swiftness                      Charms/Air                   2
   b - Passwall                       Transmutation/Earth          2
   c - Passage of Golubria            Translocation                4
   d - Lee's Rapid Deconstruction     Earth                        5
   e - Darkness                       Hexes                        6
   f - Invisibility                   Hexes                        6
 F - a book of Geomancy

   Spells                             Type                      Level
   a - Sandblast                      Earth                        1
   b - Passwall                       Transmutation/Earth          2
   c - Stone Arrow                    Conjuration/Earth            3
   d - Petrify                        Transmutation/Earth          4
   e - Lee's Rapid Deconstruction     Earth                        5
Comestibles
 d - 9 slices of pizza
 f - 10 bread rations
 i - 2 meat rations
 o - 13 fruits
 C - 3 beef jerkies


   Skills:
 - Level 5.6 Fighting
 + Level 13.6 Axes
 - Level 6.0 Armour
 - Level 3.6 Dodging
 - Level 0.5 Stealth
 - Level 6.6 Shields


You had 8 spell levels left.
You didn't know any spells.

Dungeon Overview and Level Annotations

Branches:
Dungeon (8/15)             Temple (1/1) D:7
   Lair: D:8-11

Altars:
Fedhas
Hepliaklqana
Makhleb
Okawaru
Pakellas
Qazlal
Sif Muna
Trog
Uskayaw
Vehumet
Zin


Innate Abilities, Weirdness & Mutations

You reflexively headbutt those who attack you in melee.
You have a pair of horns on your head.
Your flesh is heat resistant. (rF+)
Your magical capacity is low. (-10% MP)
You are covered in fur. (AC +1)
Your movements are slightly less encumbered by armour. (ER -2)


Message History

The death yak is moderately wounded.
You block the death yak's attack.
Your shield and scale mail prevent you from hitting the death yak.
The death yak is moderately wounded.
The death yak gores you!!
* * * LOW HITPOINT WARNING * * *
You slash the death yak!
The death yak is moderately wounded.
You block the death yak's attack.
Okay, then.
Unknown command.
As you read the scroll labeled HODGHOT ZENISI, it crumbles to dust.
The dust glows dark red!
It was a scroll of random uselessness.
The death yak closely misses you. You furiously retaliate!
You headbutt the death yak, but do no damage.
You block the crocodile's attack.
As you read the scroll labeled VORRUS XUD SOA, it crumbles to dust.
You feel blessed for a moment.
It was a scroll of remove curse.
The death yak gores you!
You die...

#..# #..# ###.###
#.._..# ####
#.#.#.##...#
#.#.#......## .
#.........## #.
##.........# .
#...@......# #.
#...tY......#
#...........#
#............ ....
#............. ...
#.............
#..##.............
.
#..#.............#
.. ##.#...........


You could see a death yak and a crocodile.

Vanquished Creatures
  Sigmund (D:2)
  A yak (D:7)
  A human (D:7)
  2 orc warriors
  A sky beast (D:5)
  An ice beast (D:7)
  4 phantoms
  2 ogres (D:5)
  2 crocodiles
  Blork the orc (D:5)
  2 giant frogs
  6 scorpions
  4 killer bees (D:7)
  4 howler monkeys
  2 crimson imps
  A centaur zombie (D:6)
  5 hounds
  5 orc priests
  A jelly (D:6)
  12 orc wizards
  A giant frog skeleton (D:5)
  7 worker ants
  4 sheep
  A hound zombie (D:7)
  2 hound skeletons
  2 worker ant zombies
  7 gnolls
  7 adders
  A shadow imp (D:5)
  3 dart slugs
  5 giant geckos
  32 orcs
  A ball python (D:4)
  16 giant cockroaches
  13 goblins
  3 hobgoblins
  12 jackals
  4 quokkas
  A ball python skeleton (D:5)
  7 bats
  6 giant newts
  10 kobolds
  A quokka skeleton (D:5)
  2 quokka zombies
  8 rats
214 creatures vanquished.

Notes
Turn   | Place    | Note
-------+----------+-------------------------------------------
     0 | D:1      | zeke the Minotaur Fighter began the quest for the Orb.
     0 | D:1      | Reached XP level 1. HP: 19/19 MP: 0/0
   202 | D:1      | Reached XP level 2. HP: 27/27 MP: 1/1
   642 | D:1      | Reached XP level 3. HP: 33/33 MP: 2/2
   681 | D:2      | Noticed Sigmund
   697 | D:2      | Killed Sigmund
   697 | D:2      | Reached skill level 3 in Axes
   697 | D:2      | Reached skill level 1 in Dodging
   697 | D:2      | Reached skill level 5 in Shields
   697 | D:2      | Reached XP level 4. HP: 6/41 MP: 3/3
   697 | D:2      | Reached XP level 5. HP: 7/47 MP: 4/4
  1501 | D:2      | Reached XP level 6. HP: 39/55 MP: 5/5
  1557 | D:2      | Found a stormy altar of Qazlal.
  1678 | D:3      | Reached skill level 5 in Fighting
  1906 | D:3      | Found a blossoming altar of Fedhas.
  2224 | D:3      | Reached skill level 5 in Armour
  2347 | D:4      | Reached skill level 4 in Axes
  2502 | D:4      | Found a radiant altar of Vehumet.
  2537 | D:4      | Reached XP level 7. HP: 46/61 MP: 6/6
  3369 | D:5      | Entered Level 5 of the Dungeon
  3406 | D:5      | Noticed Blork the orc
  3416 | D:5      | Killed Blork the orc
  3416 | D:5      | Reached skill level 5 in Axes
  3420 | D:5      | HP: 1/61 [phantom (4)]
  3421 | D:5      | Gained mutation: You are partially covered in molten scales. (AC +2) [potion of mutation]
  3421 | D:5      | Gained mutation: You are clumsy. (Dex -2) [potion of mutation]
  3870 | D:5      | Found a hazy altar of Hepliaklqana.
  3886 | D:5      | Reached XP level 8. HP: 66/69 MP: 7/7
  3899 | D:5      | Reached skill level 6 in Axes
  3910 | D:5      | Lost mutation: You are clumsy. (Dex -2) [mutagenic meat]
  3913 | D:5      | Lost mutation: You are partially covered in molten scales. (AC +2) [mutagenic meat]
  3916 | D:5      | Gained mutation: Your flesh is heat resistant. (rF+) [mutagenic meat]
  3919 | D:5      | Gained mutation: Your movements are slightly less encumbered by armour. (ER -2) [mutagenic meat]
  3922 | D:5      | Gained mutation: Your magical capacity is low. (-10% MP) [mutagenic meat]
  3925 | D:5      | Gained mutation: You are covered in fur. (AC +1) [mutagenic meat]
  3964 | D:5      | Found a burning altar of Makhleb.
  4243 | D:5      | Reached skill level 7 in Axes
  4433 | D:5      | Reached skill level 8 in Axes
  4625 | D:6      | HP: 2/69 [orc warrior/scimitar (16)]
  4629 | D:6      | Reached skill level 9 in Axes
  5118 | D:6      | Found a blossoming altar of Fedhas.
  5159 | D:6      | Reached skill level 10 in Axes
  5572 | D:6      | Reached XP level 9. HP: 66/74 MP: 7/7
  5644 | D:7      | Found a glowing silver altar of Zin.
  5676 | D:7      | Found a staircase to the Ecumenical Temple.
  5688 | Temple   | Entered the Ecumenical Temple
  5763 | Temple   | Became a worshipper of Warmaster Okawaru
  5920 | D:7      | Reached skill level 11 in Axes
  6458 | D:7      | Reached * piety under Okawaru
  6458 | D:7      | Reached skill level 12 in Axes
  7064 | D:8      | Found a hide-covered altar of Uskayaw.
  7072 | D:8      | Noticed a death yak
  7074 | D:8      | Noticed an elephant
  7075 | D:8      | Reached skill level 13 in Axes
  7210 | D:8      | Reached ** piety under Okawaru
  7426 | D:8      | Found a glowing silver altar of Zin.
  7446 | D:8      | Mangled by a death yak

Vault maps used:
D:1:      saegor_arrival_simple_d
D:2:      minmay_roachtagon, nicolae_qazlal_eye_of_the_storm, uniq_sigmund
D:3:      nicolae_overflow_crystal_walls, kennysheep_generic_room_16
D:4:      kennysheep_little_box, first_bread, minmay_misc_feat_ornament
D:5:      wad_lake_hut, lemuel_coloured_pillars_altar, lemuel_doored_altar,
          uniq_blork_the_orc
D:6:      hangedman_decor_opposing, fedhas_altar_2
D:7:      basic_altar, serial_park_tiny_1, grunt_livestock
D:8:      overflow_temple_1_default, lemuel_crystal_altar, david_lair_generic
Temple:   regret_index_temple_generic_petals

Skill      XL: |  1  2  3  4  5  6  7  8  9 |
---------------+----------------------------+-----
Fighting       | 4 5 |  5.6
Shields        | 4 5 6 |  6.6
Axes           | 3 4 5 10 13 | 13.6
Armour         | 4 5 6 |  6.0
Dodging        | 1 2 3 |  3.6
Stealth        | |  0.5

Action                   |  1- 3 |  4- 6 |  7- 9 || total
-------------------------+-------+-------+-------++-------
Melee: War axe           |    56 |   140 |   341 ||   537
       Headbutt          |     7 |    33 |    84 ||   124
  Use: Potion            |     2 |       |     5 ||     7
       Scroll            |       |       |     4 ||     4
 Stab: Invisible         |       |       |     3 ||     3
  Eat: Chunk             |       |     5 |    36 ||    41
Armor: Scale mail        |    19 |    68 |    94 ||   181
       Skin              |       |       |     9 ||     9
Dodge: Dodged            |    20 |    61 |   143 ||   224
Block: Shield            |    27 |    81 |   204 ||   312
